[Event "Deutsche Schachbundesliga 2010/11"]
[Site "Aue/Germany"]
[Date "2010.10.09"]
[Round "1.6"]
[White "Meister, Peter"]
[Black "Scholz, Christian"]
[Result "1-0"]
[ECO "D58"]
[WhiteElo "2446"]
[BlackElo "2387"]
[Annotator "Robot 4"]
[PlyCount "83"]
[EventDate "2010.??.??"]
[WhiteTeam "BAY"]
[BlackTeam "KAT"]
[TimeControl "40/6000+30:20/3000+30:900+30"]

1. d4 d5 2. Nf3 Nf6 3. c4 e6 4. Nc3 Be7 5. Bg5 O-O 6. e3 h6 7. Bh4 b6 8. Rb1
Nbd7 9. cxd5 Nxd5 10. Bxe7 Qxe7 11. Nxd5 exd5 12. b4 c5 13. bxc5 bxc5 14. Bb5
Rb8 15. dxc5 Qxc5 16. Nd4 a6 17. Bd3 Rxb1 18. Qxb1 Qa5+ 19. Ke2 Ne5 20. Rc1
Nxd3 21. Kxd3 Qa3+ 22. Ke2 Qd6 23. g3 Qe5 24. h4 Bg4+ 25. f3 Rb8 26. Qd3 Bh5
27. Kf2 Rb2+ 28. Ne2 Qe6 29. Qa3 Rd2 30. Qa5 Rd3 31. Qc5 Qf6 32. Nf4 Rd2+ 33.
Ke1 Qb2 34. Qc3 Qxc3 35. Rxc3 Rxa2 36. Nxh5 Rg2 37. Kf1 Rd2 38. Rc8+ Kh7 39.
Rc7 g5 40. hxg5 hxg5 41. Ke1 Ra2 42. g4 1-0

[Event "Deutsche Schachbundesliga 2010/11"]
[Site "Aue/Germany"]
[Date "2010.10.09"]
[Round "1.3"]
[White "Zaragatski, Ilja"]
[Black "Boensch, Uwe"]
[Result "0-1"]
[ECO "A11"]
[WhiteElo "2472"]
[BlackElo "2520"]
[Annotator "Robot 4"]
[PlyCount "90"]
[EventDate "2010.??.??"]
[WhiteTeam "KAT"]
[BlackTeam "BAY"]
[TimeControl "40/6000+30:20/3000+30:900+30"]

1. Nf3 d5 2. g3 c6 3. Bg2 Bg4 4. c4 e6 5. cxd5 exd5 6. O-O Nf6 7. d3 Bd6 8. e4
O-O 9. h3 Bxf3 10. Qxf3 Nbd7 11. Qe2 Re8 12. Qc2 dxe4 13. dxe4 Nc5 14. Nc3 Be5
15. Be3 Qd3 16. Rac1 Qxc2 17. Rxc2 Bxc3 18. Bxc5 Ba5 19. f3 Bb6 20. Bxb6 axb6
21. a3 Rad8 22. Kf2 Rd4 23. Rfc1 Red8 24. Bf1 Nh5 25. Be2 g6 26. b4 b5 27. Rc3
Kf8 28. Re3 Rd2 29. f4 Ra2 30. Rcc3 Nf6 31. Kf3 Rd4 32. Bd3 h5 33. Bb1 Rh2 34.
Rcd3 Rc4 35. Rd8+ Kg7 36. Rb8 Rc1 37. Bd3 Rxh3 38. e5 Nd5 39. e6 h4 40. exf7
Rxg3+ 41. Kf2 Kxf7 42. Rxb7+ Kf6 43. Rf3 Rxf3+ 44. Kxf3 Rc3 45. Ke4 Rxa3 0-1

[Event "Deutsche Schachbundesliga 2010/11"]
[Site "Aue/Germany"]
[Date "2010.10.09"]
[Round "1.2"]
[White "Schenk, Andreas"]
[Black "Bischoff, Klaus"]
[Result "0-1"]
[ECO "D20"]
[WhiteElo "2519"]
[BlackElo "2553"]
[Annotator "Robot 4"]
[PlyCount "98"]
[EventDate "2010.??.??"]
[WhiteTeam "BAY"]
[BlackTeam "KAT"]
[TimeControl "40/6000+30:20/3000+30:900+30"]

1. d4 d5 2. c4 dxc4 3. e4 Nf6 4. e5 Nd5 5. Bxc4 Nb6 6. Bb3 Bf5 7. Nc3 e6 8.
Nge2 Na6 9. O-O Qd7 10. a3 c6 11. Bg5 h6 12. Be3 Nc7 13. Ng3 Bg6 14. Nce4 Nbd5
15. Rc1 O-O-O 16. Qf3 Be7 17. Nc5 Bxc5 18. Rxc5 f5 19. exf6 gxf6 20. Nh5 Bxh5
21. Qxh5 f5 22. Kh1 Qg7 23. Qf3 f4 24. Bxf4 Qxd4 25. Bxc7 Rdf8 26. Rc4 Qxb2 27.
Rf4 Rxf4 28. Bxf4 Nxf4 29. Re1 Rd8 30. g3 Nd3 31. Bxe6+ Kb8 32. Rf1 Qxa3 33.
Kg1 Qd6 34. Bf5 Qd4 35. Rb1 Ne5 36. Qe2 a5 37. Bc2 Rf8 38. Kg2 Ng4 39. Rxb7+
Kxb7 40. Qe7+ Kb6 41. Qxf8 Qd5+ 42. Kg1 Ne5 43. Qb8+ Kc5 44. Qa7+ Kb4 45. Qe3
Nf3+ 46. Kf1 a4 47. Bxa4 Kxa4 48. Qxh6 Nd4 49. Kg1 c5 0-1

[Event "Deutsche Schachbundesliga 2010/11"]
[Site "Aue/Germany"]
[Date "2010.10.09"]
[Round "1.5"]
[White "Thesing, Matthias"]
[Black "Belezky, Alexander"]
[Result "1/2-1/2"]
[ECO "B23"]
[WhiteElo "2423"]
[BlackElo "2440"]
[Annotator "Robot 4"]
[PlyCount "52"]
[EventDate "2010.??.??"]
[WhiteTeam "KAT"]
[BlackTeam "BAY"]
[TimeControl "40/6000+30:20/3000+30:900+30"]

1. e4 c5 2. Nc3 Nc6 3. Bb5 Nd4 4. Bc4 e6 5. Nge2 Nf6 6. O-O b5 7. Nxd4 bxc4 8.
Nf3 d5 9. exd5 exd5 10. d4 cxd3 11. Qxd3 Be7 12. Bg5 Be6 13. Bxf6 gxf6 14. Rad1
d4 15. Ne2 Rb8 16. b3 Qa5 17. Nf4 Qc7 18. Nxe6 fxe6 19. Rde1 Rb6 20. Nd2 O-O
21. Nc4 Rc6 22. Re2 Re8 23. Qf3 Bd8 24. Rfe1 Qd7 25. a4 Kh8 26. Qg4 Qd5 1/2-1/2

[Event "Deutsche Schachbundesliga 2010/11"]
[Site "Aue/Germany"]
[Date "2010.10.09"]
[Round "1.1"]
[White "Volokitin, Andrei"]
[Black "Bromberger, Stefan"]
[Result "1-0"]
[ECO "C89"]
[WhiteElo "2661"]
[BlackElo "2537"]
[Annotator "Robot 4"]
[PlyCount "141"]
[EventDate "2010.??.??"]
[WhiteTeam "KAT"]
[BlackTeam "BAY"]
[TimeControl "40/6000+30:20/3000+30:900+30"]

1. e4 e5 2. Nf3 Nc6 3. Bb5 a6 4. Ba4 Nf6 5. O-O Be7 6. Re1 b5 7. Bb3 O-O 8. c3
d5 9. exd5 Nxd5 10. Nxe5 Nxe5 11. Rxe5 c6 12. d4 Bd6 13. Re1 Qh4 14. g3 Qh3 15.
Qe2 Bd7 16. Qf1 Qf5 17. a4 Rae8 18. axb5 axb5 19. Rxe8 Rxe8 20. Na3 Bxa3 21.
Rxa3 Qb1 22. Qd1 Bg4 23. Bc2 Bxd1 24. Bxb1 Re1+ 25. Kg2 Ba4 26. c4 Rxc1 27.
cxd5 cxd5 28. Bd3 Kf8 29. Kf3 Ke7 30. Rc3 Rxc3 31. bxc3 h6 32. Kf4 Kf6 33. Ke3
Ke6 34. Kd2 g5 35. Kc1 Bb3 36. Bxb5 f6 37. Kd2 Kd6 38. Be8 Bc4 39. Ke3 Ba6 40.
Kf3 Bc8 41. Bh5 Bf5 42. Bg4 Bc2 43. Ke3 Ba4 44. Bf5 Bd1 45. Kd2 Ba4 46. Kc1 Bb5
47. Kc2 Be2 48. Kb3 Kc6 49. Kb4 Kd6 50. Ka5 Kc6 51. Bc8 Bd3 52. Ba6 Bf5 53.
Bb5+ Kc7 54. Bf1 Kc6 55. Ka6 Kd6 56. Kb7 Bg4 57. Kb8 Bf5 58. Ba6 Bd7 59. Bc8
Bb5 60. Bf5 Ba6 61. Ka7 Bb5 62. Kb7 Ba4 63. Kc8 Bb5 64. Kd8 Ba4 65. Bg6 Bb5 66.
Be8 Bd3 67. Ba4 Bg6 68. Bd1 h5 69. h4 Bf7 70. Bc2 Ke6 71. Bb1 1-0

[Event "Deutsche Schachbundesliga 2010/11"]
[Site "Bremen/Germany"]
[Date "2010.10.09"]
[Round "1.4"]
[White "Lammers, Markus"]
[Black "Berndt, Stephan"]
[Result "1/2-1/2"]
[ECO "A30"]
[WhiteElo "2386"]
[BlackElo "2442"]
[Annotator "Robot 4"]
[PlyCount "141"]
[EventDate "2010.??.??"]
[WhiteTeam "DEL"]
[BlackTeam "SFB"]
[TimeControl "40/6000+30:20/3000+30:900+30"]

1. Nf3 Nf6 2. c4 b6 3. g3 Bb7 4. Bg2 c5 5. O-O g6 6. e3 Bg7 7. d4 O-O 8. d5 e6
9. Nc3 exd5 10. cxd5 b5 11. Nxb5 Bxd5 12. Re1 Bc6 13. Nd6 Ne4 14. Nh4 Nxd6 15.
Qxd6 Bxg2 16. Nxg2 Qb6 17. Rd1 Nc6 18. Rb1 Rfd8 19. Nf4 Ne5 20. b3 c4 21. Bb2
Qxd6 22. Rxd6 cxb3 23. axb3 Rab8 24. Ba1 Nc4 25. Ra6 Rb7 26. Bxg7 Kxg7 27. Rba1
Rxb3 28. Rxa7 Rb2 29. R1a4 Ne5 30. Re4 Rb5 31. Kg2 h5 32. Rd4 Rb2 33. h3 Rc8
34. Rd5 Re8 35. Rxe5 Rxe5 36. Nd3 Reb5 37. Nxb2 Rxb2 38. Rxd7 Kf6 39. Ra7 Rc2
40. Kf3 Rb2 41. Ra5 Rc2 42. g4 hxg4+ 43. hxg4 g5 44. Ra3 Kg6 45. Kg3 Rc1 46. f4
gxf4+ 47. exf4 Rb1 48. Ra6+ Kg7 49. Kh4 f6 50. Ra7+ Kh6 51. f5 Rb3 52. Ra6 Kg7
53. Ra7+ Kh6 54. Rf7 Rb6 55. Re7 Rb3 56. Rf7 Rb6 57. Kg3 Rb3+ 58. Kf4 Rb4+ 59.
Kf3 Rb3+ 60. Ke4 Rb4+ 61. Kd5 Rxg4 62. Ke6 Ra4 63. Rxf6+ Kg7 64. Rf7+ Kg8 65.
Rd7 Ra6+ 66. Ke5 Kf8 67. Kf4 Rb6 68. Ra7 Rc6 69. Kg5 Rb6 70. f6 Rb1 71. Ra8+
1/2-1/2

[Event "Deutsche Schachbundesliga 2010/11"]
[Site "Bremen/Germany"]
[Date "2010.10.09"]
[Round "1.8"]
[White "Korsus, Bernd"]
[Black "Poldauf, Dirk"]
[Result "1/2-1/2"]
[ECO "E92"]
[WhiteElo "2292"]
[BlackElo "2390"]
[Annotator "Robot 4"]
[PlyCount "163"]
[EventDate "2010.??.??"]
[WhiteTeam "DEL"]
[BlackTeam "SFB"]
[TimeControl "40/6000+30:20/3000+30:900+30"]

1. d4 Nf6 2. c4 g6 3. Nc3 Bg7 4. e4 d6 5. Nf3 O-O 6. Be2 e5 7. dxe5 dxe5 8.
Qxd8 Rxd8 9. Bg5 Nbd7 10. O-O-O Rf8 11. Nd2 c6 12. Be3 Ne8 13. c5 Nc7 14. b4
Ne6 15. Nb3 Re8 16. Bc4 Ndf8 17. g3 h5 18. Rd6 Bf6 19. Rhd1 Kg7 20. b5 Be7 21.
R6d2 Bg5 22. h4 Bxe3 23. fxe3 Re7 24. bxc6 bxc6 25. Rd6 Rc7 26. Na5 Nxc5 27.
Rxc6 Rxc6 28. Nxc6 Bg4 29. Rd8 Rxd8 30. Nxd8 f6 31. Nc6 a6 32. Nb4 Bc8 33. Bd5
g5 34. hxg5 fxg5 35. Kd2 h4 36. gxh4 gxh4 37. Ke2 Ng6 38. Kf2 Kf6 39. Bc4 Bb7
40. Kf3 Kg5 41. Nd3 Nxd3 42. Bxd3 Nf8 43. Bf1 Nd7 44. Bh3 Nc5 45. Bf5 Bc6 46.
Nd1 Nd3 47. Nf2 Nxf2 48. Kxf2 Be8 49. Be6 Bh5 50. Kg2 Bg4 51. Bd5 a5 52. Bc4
Kf6 53. Bd5 Ke7 54. Bb3 Kd6 55. a3 Kc5 56. Bf7 Kb5 57. Bb3 Bd7 58. Kh2 Kc5 59.
Kg2 Bc8 60. Kh2 Bg4 61. Kg2 Kb5 62. Kh2 Bd7 63. Kg2 Kc5 64. Kh2 Kd6 65. Kg2 Ke7
66. Kh2 Kf6 67. Kg2 Kg5 68. Bc4 Ba4 69. Bd5 Bc2 70. Bc6 Bb3 71. Bd5 Bd1 72. Be6
Bg4 73. Bb3 Bd7 74. Bc4 Kg4 75. Be2+ Kg5 76. Bc4 Bg4 77. Bb3 Kf6 78. Bc4 Ke7
79. Bb3 Kd6 80. Kh2 Kc5 81. Kg2 Kb5 82. Kh2 1/2-1/2

[Event "Deutsche Schachbundesliga 2010/11"]
[Site "Bremen/Germany"]
[Date "2010.10.09"]
[Round "1.1"]
[White "Kraemer, Martin"]
[Black "Heberla, Bartlomiej"]
[Result "1/2-1/2"]
[ECO "D22"]
[WhiteElo "2516"]
[BlackElo "2537"]
[Annotator "Robot 4"]
[PlyCount "85"]
[EventDate "2010.??.??"]
[WhiteTeam "SFB"]
[BlackTeam "DEL"]
[TimeControl "40/6000+30:20/3000+30:900+30"]

1. d4 d5 2. c4 dxc4 3. Nf3 a6 4. e3 b5 5. a4 Bb7 6. b3 e6 7. bxc4 bxc4 8. Bxc4
Nf6 9. O-O c5 10. Ba3 Nbd7 11. Nbd2 Be7 12. Rb1 Ra7 13. Nb3 Ne4 14. Rc1 O-O 15.
Bd3 cxd4 16. Bxe7 Qxe7 17. Nfxd4 Nef6 18. Na5 Nb8 19. Qc2 Ba8 20. Rfd1 g6 21.
Qc5 Qxc5 22. Rxc5 Nfd7 23. Rc2 Nb6 24. Rb1 N6d7 25. f3 Nf6 26. Kf2 Kg7 27. Rb4
Rd7 28. Rcb2 Rdd8 29. e4 e5 30. Ne2 Rxd3 31. Rxb8 Rxb8 32. Rxb8 Bxe4 33. fxe4
Nxe4+ 34. Ke1 Ra3 35. Nb3 Rxa4 36. Nec1 Rc4 37. Kd1 Nf2+ 38. Kd2 Rg4 39. g3 Rg5
40. Ne2 Rh5 41. h4 Rf5 42. Rb7 Rf3 43. Nc5 1/2-1/2

[Event "Deutsche Schachbundesliga 2010/11"]
[Site "Bremen/Germany"]
[Date "2010.10.09"]
[Round "1.3"]
[White "Polzin, Rainer"]
[Black "Jugelt, Tobias"]
[Result "1-0"]
[ECO "B04"]
[WhiteElo "2494"]
[BlackElo "2411"]
[Annotator "Robot 4"]
[PlyCount "57"]
[EventDate "2010.??.??"]
[WhiteTeam "SFB"]
[BlackTeam "DEL"]
[TimeControl "40/6000+30:20/3000+30:900+30"]

1. e4 Nf6 2. e5 Nd5 3. d4 d6 4. Nf3 Nc6 5. c4 Nb6 6. e6 fxe6 7. Nc3 g6 8. h4
Bg7 9. Be3 Kd7 10. h5 Qf8 11. Rc1 Nd8 12. Qb3 c6 13. a4 Kc7 14. a5 Nd7 15. h6
Bf6 16. c5 a6 17. Ne4 Nf7 18. cxd6+ exd6 19. Bc4 Nd8 20. d5 exd5 21. Bxd5 Kb8
22. Bxc6 Nxc6 23. Rxc6 Bd8 24. O-O Ne5 25. Nxe5 dxe5 26. Nd6 Bc7 27. Nxc8 Kxc8
28. Qe6+ Kb8 29. Rxc7 1-0

[Event "Deutsche Schachbundesliga 2010/11"]
[Site "Bremen/Germany"]
[Date "2010.10.09"]
[Round "1.7"]
[White "Thiede, Lars"]
[Black "Margraf, Daniel"]
[Result "1-0"]
[ECO "A24"]
[WhiteElo "2445"]
[BlackElo "2264"]
[Annotator "Robot 4"]
[PlyCount "100"]
[EventDate "2010.??.??"]
[WhiteTeam "SFB"]
[BlackTeam "DEL"]
[TimeControl "40/6000+30:20/3000+30:900+30"]

1. c4 e5 2. g3 Nf6 3. Bg2 g6 4. Nc3 Bg7 5. Nf3 d6 6. O-O O-O 7. d3 Re8 8. h3 c6
9. e4 Nbd7 10. Re1 Qc7 11. Be3 Nc5 12. b4 Ne6 13. Qb3 Bd7 14. Rab1 b5 15. cxb5
cxb5 16. d4 exd4 17. Nxd4 Nxd4 18. Bxd4 Rac8 19. Qb2 Bc6 20. Nxb5 Bxb5 21. Bxf6
Bxf6 22. Qxf6 Qb6 23. Rbc1 Bc4 24. a3 Be6 25. h4 h5 26. Bf1 a5 27. Qb2 axb4 28.
Rxc8 Bxc8 29. Qxb4 Qxb4 30. axb4 Bb7 31. f3 f5 32. Bd3 fxe4 33. fxe4 Rc8 34.
Kf2 Rc3 35. Ke2 Kf7 36. Kd2 Ra3 37. Rc1 Ke6 38. Rc7 Ba6 39. b5 Bxb5 40. Bxb5
Rxg3 41. Bc6 Rg2+ 42. Ke3 Rh2 43. Bd5+ Ke5 44. Re7+ Kf6 45. Re6+ Kg7 46. Rxd6
Rxh4 47. e5 Rh3+ 48. Kd4 Rh4+ 49. Be4 Kf7 50. Rf6+ Kg7 1-0

[Event "Deutsche Schachbundesliga 2010/11"]
[Site "Bremen/Germany"]
[Date "2010.10.09"]
[Round "1.2"]
[White "Warakomski, Tomasz"]
[Black "Lauber, Arnd"]
[Result "1-0"]
[ECO "B12"]
[WhiteElo "2495"]
[BlackElo "2497"]
[Annotator "Robot 4"]
[PlyCount "113"]
[EventDate "2010.??.??"]
[WhiteTeam "DEL"]
[BlackTeam "SFB"]
[TimeControl "40/6000+30:20/3000+30:900+30"]

1. e4 c6 2. d4 d5 3. f3 e6 4. Nc3 Bb4 5. Qd3 b6 6. Nge2 Ba6 7. Qe3 Ne7 8. Bd2
O-O 9. a3 Bxc3 10. Bxc3 Nd7 11. b4 c5 12. dxc5 bxc5 13. bxc5 e5 14. Rd1 d4 15.
Nxd4 Bxf1 16. Rxf1 exd4 17. Qxd4 Nf6 18. Qe5 Qe8 19. Rd6 Nc8 20. Qxe8 Rxe8 21.
Ra6 Nd5 22. Bd4 Nc7 23. Ra4 f5 24. Kd2 fxe4 25. fxe4 Rxe4 26. Kd3 Re8 27. Rb1
Ne6 28. c3 Ne7 29. Ra6 Nd5 30. Rb7 Ndc7 31. Rc6 Nd5 32. g3 Nf6 33. Ra6 Ne4 34.
Kc4 Rac8 35. Rxe6 Rxe6 36. Kd5 Rce8 37. Rxg7+ Kf8 38. Rxa7 Nf6+ 39. Kc4 Rc8 40.
a4 Rec6 41. Kb5 Ne4 42. Rxh7 Nxc3+ 43. Kb4 Nd5+ 44. Kc4 Nf6 45. Bxf6 Rxc5+ 46.
Kd3 R8c6 47. Be7+ Kg8 48. Bxc5 Kxh7 49. Kc4 Rh6 50. Bg1 Rc6+ 51. Kb5 Rc2 52. a5
Rb2+ 53. Kc6 Rg2 54. Bb6 Rxh2 55. a6 Kg6 56. a7 Rh8 57. Kb7 1-0